 Dungeon Crawl Stone Soup version 0.30.1-9-gdf580d7c3d (webtiles) character file.

Game seed: 13921980223090292240

72 KittyFluff the Trooper (level 4, 0/43 HPs)
             Began as a Gargoyle Berserker on Oct 10, 2023.
             Was a Believer of Trog.
             Slain by Crazy Yiuf
             ... wielding a +4 quarterstaff of chaos
              (7 damage)
             ... on level 2 of the Dungeon.
             The game lasted 00:06:51 (1454 turns).

KittyFluff the Trooper (Gargoyle Berserker)         Turns: 1454, Time: 00:06:51

Health: 0/43       AC: 12    Str: 23    XL:     4   Next: 26%
Magic:  4/4        EV: 12    Int:  7    God:    Trog [**....]
Gold:   132        SH:  0    Dex:  9    Spells: 3/3 levels left

rFire   + . .        a - +0 mace
rCold   . . .        (no shield)
rNeg    + . .        l - +2 animal skin
rPois   ∞            m - +1 helmet
rElec   +            (no cloak)
rCorr   .            (no gloves)
SInv    .            i - +1 pair of boots {Fly}
Will    .....        (no amulet) Stlth
                     k - ring of protection from fire
HPRegen 0.27/turn    (no ring)
MPRegen 0.09/turn

%: no passive effects
@: berserking (expiring), flying, very quick
A: sickness immunity, AC +3, negative energy resistance 1, electricity
resistance, torment resistance 1, petrification resistance
a: Renounce Religion, Berserk, Trog's Hand


You were on level 2 of the Dungeon.
You worshipped Trog.
Trog was pleased with you.
You visited 1 branch of the dungeon, and saw 2 of its levels.

You collected 146 gold pieces.
You spent 14 gold pieces at shops.

Inventory:

Hand Weapons
 a - a +0 mace (weapon)
 c - a +0 sling
 g - the +7 trident of the Dead {freeze, rPois rF+ SInv}
   (You found it on level 2 of the Dungeon)

   rF:        It protects you from fire.
   rPois:     It protects you from poison.
   SInv:      It lets you see invisible.
Armour
 i - a +1 pair of boots of flying (worn)
 l - a +2 animal skin (worn)
 m - a +1 helmet (worn)
Jewellery
 j - a ring of fire
 k - a ring of protection from fire (left hand)
Scrolls
 b - a scroll of teleportation {unknown}
Potions
 d - a potion of attraction {unknown}
 e - a potion of degeneration
 f - a potion of lignification {unknown}
 h - a potion of heal wounds {unknown}
 n - a potion of curing {unknown}


   Skills:
 + Level 3.8 Fighting
 * Level 3.7 Maces & Flails
 * Level 3.1 Armour
 + Level 2.1 Dodging


You had 3 spell levels left.
You didn't know any spells.
Your spell library was empty.

Dungeon Overview and Level Annotations

Branches:
Dungeon (2/15)

Altars:

Shops:
D:1 ((=*   D:2 [

Annotations:
D:2 Crazy Yiuf


Innate Abilities, Weirdness & Mutations

You are immune to sickness and miasma.
Your stone body is resilient. (AC +3)
You are immune to poison.
You resist negative energy. (rN+)
You are resistant to electric shocks. (rElec)
You are resistant to unholy torment.
You are immune to petrification.


Message History

You hit Crazy Yiuf. Your punch misses Crazy Yiuf.
Crazy Yiuf is moderately wounded.
Crazy Yiuf barely misses you.
You barely miss Crazy Yiuf.
Crazy Yiuf is moderately wounded.
Crazy Yiuf yells, "Two!"
Crazy Yiuf hits you with a +4 quarterstaff of chaos!
You barely miss Crazy Yiuf.
Crazy Yiuf is moderately wounded.
Crazy Yiuf hits you with a +4 quarterstaff of chaos!
Crazy Yiuf freezes you.
You closely miss Crazy Yiuf.
Crazy Yiuf is moderately wounded.
You closely miss Crazy Yiuf.
Crazy Yiuf is moderately wounded.
Crazy Yiuf barely misses you.
You hit Crazy Yiuf.
Crazy Yiuf is heavily wounded.
Crazy Yiuf barely misses you.
You hit Crazy Yiuf but do no damage.
Crazy Yiuf is heavily wounded.
Crazy Yiuf barely misses you.
You hit Crazy Yiuf.
Crazy Yiuf is heavily wounded.
Crazy Yiuf cries, "Earwax koolooloo infinity!"
Crazy Yiuf barely misses you.
You closely miss Crazy Yiuf.
Crazy Yiuf is heavily wounded.
Crazy Yiuf hits you with a +4 quarterstaff of chaos!
* * * LOW HITPOINT WARNING * * *
You closely miss Crazy Yiuf.
Crazy Yiuf is heavily wounded.
You hit Crazy Yiuf but do no damage.
Crazy Yiuf is heavily wounded.
Crazy Yiuf hits you with a +4 quarterstaff of chaos.
* * * LOW HITPOINT WARNING * * *
You hit Crazy Yiuf.
Crazy Yiuf is almost dead.
Crazy Yiuf hits you with a +4 quarterstaff of chaos!
You die...

#...###.### #..##.# #.##.......
#.### #.# #..†..# #.##......# ..#
#.# #.##### #.##......# ..# #.#
### ####......# .######.##
#......# ## #.....# ##.#####
#.##.## ### ♣♣####.# ####.##.#
#)..#♣♣ ♣♣..#...# ........##
#...g@♣♣♣♣......## .......).#
#...#♣..♣......## ####)...## ###
♣♣♣.♣...### # #....## ♣♣♣♣♣## ##
#.....# .# #....##
################ .###....#
#..............##
.>##################...........##
........................#####>.))


You could see Crazy Yiuf.

Vanquished Creatures
  Robin (D:2)
  2 ball pythons
  3 bats
  An endoplasm (D:1)
  3 giant cockroaches
  14 goblins
  4 hobgoblins
  5 kobolds
  5 quokkas
  3 frilled lizards
  19 rats (D:2)
60 creatures vanquished.

Notes
Turn   | Place    | Note
-------+----------+-------------------------------------------
     0 | D:1      | KittyFluff the Gargoyle Berserker began the quest for the
                  | Orb.
     0 | D:1      | Reached XP level 1. HP: 14/14 MP: 1/1
    38 | D:1      | Found a faded altar of an unknown god.
   112 | D:1      | Found Upsuerint's Antique Weapon Shoppe.
   127 | D:1      | Reached XP level 2. HP: 19/19 MP: 2/2
   135 | D:1      | Found Qeunt's Antique Weapon Boutique.
   293 | D:1      | Found Mautit's Jewellery Boutique.
   382 | D:1      | Found Ceric's General Store.
   388 | D:1      | Bought a potion of degeneration for 14 gold pieces
   698 | D:2      | Reached XP level 3. HP: 20/23 MP: 3/3
   764 | D:2      | Identified the +7 trident of the Dead {freeze, rPois rF+
                  | SInv}
   843 | D:2      | Reached ** piety under Trog
   920 | D:2      | Noticed Robin
   950 | D:2      | Killed Robin
  1110 | D:2      | Found Tanguky's Armour Boutique.
  1291 | D:2      | Reached XP level 4. HP: 29/29 MP: 4/4
  1436 | D:2      | Found a runed translucent door.
  1437 | D:2      | Noticed Crazy Yiuf
  1454 | D:2      | Slain by Crazy Yiuf

Illustrated notes

Levels and vault maps discovered:
D:1:      eino_arrival_tree_alley, layout_rooms, serial_shops,
          nicolae_shop_back_alley_shop, shop, nicolae_shop_advertising_works
          [nicolae_subvault_shop_adworks], shop,
          shapermc_ecumenical_altar_starsandcircs, minmay_pentomino_w2
D:2:      layout_rooms, serial_shops, shop, minmay_rat_hole,
          uniq_crazy_yiuf_cottage, uniq_robin

Skill      XL: |  1  2  3 |
---------------+----------+-----
Armour         | 3 |  3.1
Dodging        | 2 |  2.1
Fighting       | |  3.8
Maces & Flails | |  3.7

Action                     |  1- 3 |  4- 6 || total
---------------------------+-------+-------++-------
  Melee: Mace              |   117 |    60 ||   177
         Punch             |     4 |       ||     4
 Invoke: Berserk           |     1 |     1 ||     2
 Armour: Animal skin       |    50 |    19 ||    69
  Dodge: Dodged            |    79 |    33 ||   112
